 Dungeon Crawl Stone Soup version 0.32-a0-643-ga006e7742e (webtiles) character file.

Game seed: 11735980909441153217

44 Aldia the Chopper (level 3, -7/30 (31) HPs)
             Began as a Mountain Dwarf Reaver on Mar 7, 2024.
             Mangled by Crazy Yiuf
             ... wielding a +3 quarterstaff of chaos
              (12 damage)
             ... on level 2 of the Dungeon.
             The game lasted 00:02:43 (1046 turns).

Aldia the Chopper (Mountain Dwarf Reaver)           Turns: 1046, Time: 00:02:43

HP:   -7/30 (31)    AC:  5    Str: 13 (16) XL:     3   Next: 41%
MP:   0/6           EV: 10    Int: 12 (13) God:
Gold: 117           SH:  0    Dex:  6 (8)  Spells: 5/6 levels left

rFire   . . .        a - +0 hand axe
rCold   . . .        (no shield)
rNeg    . . .        g - +0 ring mail
rPois   .            (no helmet)
rElec   .            (no cloak)
rCorr   .            (no gloves)
SInv    .            (no boots)
Will    .....        (no amulet) Stlth
                     (no ring)
HPRegen 0.25/turn    (no ring)
MPRegen 0.10/turn

%: no passive effects
@: very slightly contaminated, hasted, lightly drained, very quick
A: runic magic, artefact enchanting
a: no special abilities


You were on level 2 of the Dungeon.
You visited 1 branch of the dungeon, and saw 2 of its levels.

You collected 117 gold pieces.

Inventory:

Hand Weapons
 a - a +0 hand axe (weapon)
Armour
 b - a +0 leather armour
 g - a +0 ring mail (worn)
Scrolls
 d - 2 scrolls of teleportation {unknown}
 h - a scroll of poison {unknown}
Potions
 c - a potion of degeneration
 e - 2 potions of cancellation {unknown}
 f - 2 potions of brilliance {unknown}


   Skills:
 + Level 3.0 Fighting
 - Level 4.0 Axes
 + Level 0.0 Armour
 - Level 1.3 Dodging
 - Level 2.0 Spellcasting
 + Level 2.6 Conjurations
 * Level 2.1 Necromancy


You had 5 spell levels left.
You knew the following spells:

 Your Spells              Type           Power      Damage    Failure   Level
a - Kiss of Death         Conj/Necr      28%        2d7       12%         1

Your spell library contained the following spells:

 Spells                   Type           Power      Damage    Failure   Level
 Momentum Strike          Conj/Tloc      8%         3d8       28%         2
 Hailstorm                Conj/Ice       4%         3d5       50%         3


Dungeon Overview and Level Annotations

Branches:
Dungeon (2/15)

Altars:

Shops:
D:1 !   D:2 (

Annotations:
D:2 Crazy Yiuf


Innate Abilities, Weirdness & Mutations

Your spellcasting is much less encumbered by armour.
You can use scrolls of enchantment on lesser artefacts.


Message History

Unknown command.
You open the door.
Casting: Kiss of Death (safe; 11% risk of failure)
Confirm with . or Enter, or press ? or * to list all spells.
Aiming: Kiss of Death (safe; 11% risk of failure)
Press: ? - help, Shift-Dir - straight line, f - Crazy Yiuf
Aim: Crazy Yiuf, wielding a +3 quarterstaff of chaos and wearing a +0 cloak (100% to hit)
You miscast Kiss of Death.
You are very lightly contaminated with residual magic.
Nothing appears to happen.
Crazy Yiuf closely misses you.
Unknown command.
Unknown command.
Casting: Kiss of Death (safe; 11% risk of failure)
Confirm with . or Enter, or press ? or * to list all spells.
Aiming: Kiss of Death (safe; 11% risk of failure)
Press: ? - help, Shift-Dir - straight line, f/p - Crazy Yiuf
Aim: Crazy Yiuf, wielding a +3 quarterstaff of chaos and wearing a +0 cloak (100% to hit)
You miscast Kiss of Death.
Nothing appears to happen.
Crazy Yiuf hits you with a +3 quarterstaff of chaos!
You feel your power leaking away.
Unknown command.
You hit Crazy Yiuf.
Crazy Yiuf is lightly wounded.
Crazy Yiuf hits you with a +3 quarterstaff of chaos!
You feel yourself speed up.
You hit Crazy Yiuf.
Crazy Yiuf is moderately wounded.
Crazy Yiuf hits you with a +3 quarterstaff of chaos!
* * * LOW HITPOINT WARNING * * *
You feel drained.
* * * LOW HITPOINT WARNING * * *
Okay, then.
Okay, then.
It was a potion of degeneration.
There was something very wrong with that liquid.
You feel weakened.
You feel dopey.
You feel clumsy.
You hit Crazy Yiuf but do no damage.
Crazy Yiuf is moderately wounded.
Crazy Yiuf hits you with a +3 quarterstaff of chaos!
You die...

#...........#
#.#...#
###############
#...###
#.####..## #####
#....#..# #÷.)#
####...## #...#
###.# ... #.#
#g# #># ♣♣@♣ #.#
♣.♣♣ #.# ♣♣.♣
#.# ♣.♣♣ #.#
♣♣.♣♣ #.# ♣...♣♣
#.# ♣....♣ #.#
#+..+# #.#
#.^..#########.#


You could see Crazy Yiuf.

Vanquished Creatures
  An adder (D:2)
  A dart slug (D:1)
  6 endoplasms
  3 giant cockroaches (D:1)
  A quokka (D:2)
  A ball python (D:2)
  6 bats
  5 frilled lizards
  2 goblins
  6 kobolds
  2 rats
34 creatures vanquished.

Notes
Turn   | Place    | Note
-------+----------+-------------------------------------------
     0 | D:1      | Aldia the Mountain Dwarf Reaver began the quest for the
                  | Orb.
     0 | D:1      | Reached XP level 1. HP: 17/17 MP: 3/3
    90 | D:1      | Found a faded altar of an unknown god.
   157 | D:1      | Found Efiyrinn's Distillery.
   291 | D:1      | Reached skill level 4 in Axes
   330 | D:1      | Reached XP level 2. HP: 25/25 MP: 4/4
   516 | D:1      | Reached skill level 1 in Necromancy
   671 | D:2      | Reached XP level 3. HP: 30/30 MP: 4/6
   764 | D:2      | Found Pobbunk's Weapon Emporium.
  1036 | D:2      | Found a runed translucent door.
  1037 | D:2      | Noticed Crazy Yiuf
  1046 | D:2      | Mangled by Crazy Yiuf

Illustrated notes

Levels and vault maps discovered:
D:1:      dpeg_arrival_castle, layout_rooms, chequers_ecumenical_altar_lobes,
          serial_shops, shop
D:2:      layout_basic, serial_shops, shop, uniq_crazy_yiuf_cottage

Skill      XL: |  1  2  3 |
---------------+----------+-----
Axes           | 4 |  4.0
Necromancy     | 1 2 |  2.1
Spellcasting   | 2 |  2.0
Fighting       | 3 |  3.0
Dodging        | |  1.3
Conjurations   | |  2.6

Action                     || total
---------------------------++-------
  Melee: Hand axe          ||   100
    Use: Potion            ||     1
 Armour: Leather armour    ||    30
         Ring mail         ||    44
  Dodge: Dodged            ||    66

Table legend: (Time is in decaauts)
 A = Elapsed time spent in this place.
 B = Non-inter-level travel time spent in this place.
 C = Inter-level travel time spent in this place.
 D = Time resting spent in this place.
 E = Time spent auto-exploring this place.
 F = Levels seen in this place.
 G = Mean time per level.
                   A        B        C        D        E       F      G
               +--------+--------+--------+--------+--------+-----+--------+
         Total |   1059 |   1059 |      0 |      0 |    794 |   2 |  529.5 |
       Dungeon |   1059 |   1059 |      0 |      0 |    794 |   2 |  529.5 |
               +--------+--------+--------+--------+--------+-----+--------+

Top non-repeatable levels by time:
     D:1: 537 daAuts
     D:2: 522 daAuts
